 Dungeon Crawl Stone Soup version 0.26-a0-670-g578ab304f5 (webtiles) character file.

Game seed: 14541906029352830361

315126 Kinoniko the Slayer (level 21, -4/207 HPs)
             Began as a Hill Orc Gladiator on Oct 19, 2020.
             Was the Champion of Beogh.
             Slain by a vampire knight
             ... wielding a +0 war axe
              (10 damage)
             ... on level 2 of the Depths.
             The game lasted 02:41:01 (63084 turns).

Kinoniko the Slayer (Hill Orc Gladiator)           Turns: 63084, Time: 02:41:01

Health: -4/207     AC: 33    Str: 26    XL:     21   Next: 37%
Magic:  32/32      EV: 15    Int: 14    God:    Beogh [******]
Gold:   344        SH:  0    Dex: 12    Spells: 20/20 levels left

rFire    + + +     SeeInvis +   O - +6 battleaxe of Starshine {vamp, rF++ rC+ Int-2}
rCold    . . .     Faith    .   (shield currently unavailable)
rNeg     . . .     Spirit   .   W - +8 chain mail of Grace {rF+ Slay+6}
rPois    +         Reflect  .   c - +2 helmet
rElec    .         Harm     .   N - +0 cloak "Ciceh" {rC- MR++}
rCorr    .         Rampage  .   E - +1 pair of gloves "Tammuur" {Int+4 Dex+2}
MR       +++..                  x - +2 pair of boots
Stlth    ..........             y - amulet "Ihueguo" {rPois Regen+ Int+3 Dex-2}
HPRegen  0.84/turn              m - +4 ring of slaying
MPRegen  0.23/turn              v - ring of see invisible

@: confused, about to teleport, studying Armour
A: walk on water, low mp 1, MP-powered wands
}: 2/15 runes: barnacled, gossamer
a: Smiting, Recall Orcish Followers, Give Item to Named Follower, Resurrection,
Renounce Religion


You were on level 2 of the Depths.
You worshipped Beogh.
Beogh was exalted by your worship.
You visited 7 branches of the dungeon, and saw 37 of its levels.
You visited 1 bazaar.

You collected 4723 gold pieces.
You spent 4379 gold pieces at shops.

Inventory:

Hand Weapons
 s - a +2 sacred scourge of holy wrath
 C - a +3 broad axe of venom
 O - the +6 battleaxe of Starshine (weapon) {vamp, rF++ rC+ Int-2}
   (You found it on level 6 of the Lair of Beasts)

   It inflicts no extra harm, but heals its wielder when it wounds a living foe.
   It affects your intelligence (-2).
   It greatly protects you from fire.
   It protects you from cold.
 Y - the cursed +2 shortbow "Taceni" {flame, rC+ Str+6, unknown}
   (You found it on level 3 of the Vaults)

   It causes projectiles fired from it to burn those they strike, causing extra
   injury to most foes and up to half again as much damage against particularly
   susceptible opponents.
   It affects your strength (+6).
   It protects you from cold.
   It has a curse placed upon it.
Armour
 c - a +2 helmet (worn)
 n - the +2 pair of gloves of the Ward {Harm rElec Str+5 Dex-4}
   (You found it on level 1 of the Depths)

   It affects your strength (+5).
   It affects your dexterity (-4).
   It insulates you from electricity.
   It increases damage dealt and taken.
 x - a +2 pair of boots (worn)
 E - the +1 pair of gloves "Tammuur" (worn) {Int+4 Dex+2}
   (You found it on level 13 of the Dungeon)

   It affects your intelligence (+4).
   It affects your dexterity (+2).
 N - the +0 cloak "Ciceh" (worn) {rC- MR++}
   (You bought it in a shop on level 2 of the Orcish Mines)

   It makes you vulnerable to cold.
   It affects your resistance to hostile enchantments.
 W - the +8 chain mail of Grace (worn) {rF+ Slay+6}
   (You took it off a merfolk on level 4 of the Shoals)

   It affects your accuracy and damage with ranged weapons and melee attacks
   (+6).
   It protects you from fire.
 Z - the +1 cloak of Starlight {rElec rC+ EV+4 Stlth--}
   (You acquired it on level 4 of the Vaults)

   It affects your evasion (+4).
   It protects you from cold.
   It insulates you from electricity.
   It makes you much less stealthy.
Jewellery
 b - a +6 ring of dexterity
 k - an uncursed ring of protection from fire
 m - a +4 ring of slaying (left hand)
 q - a +4 ring of evasion
 v - a ring of see invisible (right hand)
 w - an uncursed ring of magical power
 y - the amulet "Ihueguo" (around neck) {rPois Regen+ Int+3 Dex-2}
   (You found it on level 6 of the Dungeon)

   [amulet of regeneration]

   It affects your intelligence (+3).
   It affects your dexterity (-2).
   It protects you from poison.
   It increases your rate of regeneration.
 B - an uncursed ring of protection from magic
 G - an uncursed ring of resist corrosion
 K - an uncursed ring of protection from fire
 R - an uncursed ring of protection from magic
 V - the ring of Padwugod {+Fly Dex+3 Slay-3 Stlth-}
   (You found it on level 10 of the Dungeon)

   [ring of attention]

   It affects your dexterity (+3).
   It affects your accuracy and damage with ranged weapons and melee attacks
   (-3).
   It lets you fly.
   It makes you less stealthy.
 X - the amulet of the Madman {Faith Str+2 Dex+4}
   (You found it on level 2 of the Shoals)

   [amulet of faith]

   It allows you to gain divine favour quickly.
   It affects your strength (+2).
   It affects your dexterity (+4).
Wands
 i - a wand of iceblast (37)
 z - a wand of flame (18)
 J - a wand of digging (3)
 T - a wand of acid (12)
Scrolls
 e - 13 scrolls of teleportation
 f - 17 scrolls of magic mapping
 h - a scroll of identify
 l - 11 scrolls of amnesia
 t - 14 scrolls of remove curse
 u - a scroll of fear
 F - 6 scrolls of fog
 I - a scroll of holy word
 M - 2 scrolls of blinking
Potions
 a - 16 potions of ambrosia
 g - a potion of cancellation
 j - 17 potions of curing
 o - 8 potions of flight
 p - 5 potions of magic
 A - a potion of mutation
 D - 4 potions of brilliance
 P - 2 potions of resistance
 Q - 8 potions of stabbing
Books
 d - a manual of Armour
Miscellaneous
 S - a lightning rod (4/4)
 U - a box of beasts (3/3)


   Skills:
 * Level 22.0 Fighting
 - Level 21.7 Axes
 - Level 1.7 Throwing
 + Level 16.0 Armour
 + Level 12.6 Dodging
 * Level 21.1 Invocations


You had 20 spell levels left.
You didn't know any spells.
Your spell library contained the following spells:

 Spells                   Type           Power        Failure   Level
 Corona                   Hex            #......      71%         1
 Foxfire                  Conj/Fire      #...         71%         1
 Magic Dart               Conj           #...         71%         1
 Sandblast                Erth           #.....       71%         1
 Shock                    Conj/Air       #...         71%         1
 Sting                    Tmut/Pois      #...         71%         1
 Summon Small Mammal      Summ           #...         71%         1
 Ensorcelled Hibernation  Hex/Ice        #.....       85%         2
 Passwall                 Tmut/Erth      #.......     85%         2
 Poisonous Vapours        Pois/Air       #.....       85%         2
 Searing Ray              Conj           #.....       85%         2
 Swiftness                Air            #.......     85%         2
 Confusing Touch          Hex            #.......     97%         3
 Dazzling Flash           Conj/Hex       #.....       97%         3
 Gell's Gravitas          Tloc           #.........   97%         3
 Ignite Poison            Fire/Tmut/Pois #.......     97%         3
 Mephitic Cloud           Conj/Pois/Air  #.......     97%         3
 Portal Projectile        Hex/Tloc       #.....       97%         3
 Static Discharge         Conj/Air       #.......     97%         3
 Stone Arrow              Conj/Erth      #.....       97%         3
 Tukima's Dance           Hex            #.......     97%         3
 Airstrike                Air            #.........   100%        4
 Fulminant Prism          Conj/Hex       #.........   100%        4
 Iskenderun's Mystic Bla  Conj/Tloc      #.......     100%        4
 Olgreb's Toxic Radiance  Pois           #.......     100%        4
 Petrify                  Tmut/Erth      #.......     100%        4
 Sticky Flame             Conj/Fire      #.......     100%        4
 Lee's Rapid Deconstruct  Erth           #.........   100%        5
 Lightning Bolt           Conj/Air       #.........   100%        5
 Metabolic Englaciation   Hex/Ice        #.........   100%        5
 Summon Demon             Summ           #.........   100%        5
 Summon Forest            Summ/Tloc      #.........   100%        5
 Summon Mana Viper        Hex/Summ       #.......     100%        5
 Yara's Violent Unravell  Hex/Tmut       #.........   100%        5
 Conjure Ball Lightning   Conj/Air       #.........   100%        6
 Dispersal                Tloc           #.........   100%        6
 Iron Shot                Conj/Erth      #.........   100%        6
 Shadow Creatures         Summ           N/A          100%        6
 Starburst                Conj/Fire      #.........   100%        6
 Summon Hydra             Summ           #.........   100%        7
 Disjunction              Tloc           #.........   100%        8


Dungeon Overview and Level Annotations

Branches:
Dungeon (15/15)            Temple (0/1) D:4            Lair (6/6) D:9
 Shoals (4/4) Lair:3       Spider (4/4) Lair:2        Slime (0/5) Lair:5
    Orc (2/2) D:12            Elf (0/3) Orc:2        Vaults (4/5) D:13
  Crypt (0/3) Vaults:3     Depths (2/5) D:15

Altars:
Elyvilon
Kikubaaqudgha
Xom
Yredelemnul
Beogh
Jiyva

Shops:
D:4 !   D:8 (   Orc:2 *([[   Vaults:1 *   Vaults:2 *   Vaults:3 *
Vaults:4 ?:[[

Portals:
Hell: Depths:1
Trove: Depths:1 (give +5 demon whip)

Annotations:
D:5 1 runed translucent door, hypergardens's ghost, amateur SpAM
Shoals:2 2 transporters


Innate Abilities, Weirdness & Mutations

You can walk on water.
Your magical capacity is low. (-10% MP)
You expend magic power (3 MP) to strengthen your wands.


Message History

The vampire knight closely misses Horkud.
The vampire knight bites you!
* * * LOW HITPOINT WARNING * * *
The vampire knight draws strength from your injuries!
The stone giant closely misses you.
Horkud hits the stone giant with a +0 dagger!
Morbeogh hits the stone giant from afar with a +1 bardiche of flaming!!!
Morbeogh burns the stone giant!
The stone giant dies!
Beogh accepts your kill.
Your orc knight hits the stone giant with a +0 scimitar!!
Unknown command.
Are you sure you want to stumble around while confused and next to your ally Morbeogh?
This could place you under penance!
Okay, then.
The vampire knight hits you with a +0 war axe.
* * * LOW HITPOINT WARNING * * *
The vampire knight hits your orc knight but does no damage.
The vampire knight hits Horkud with a +0 war axe!
The vampire knight bites you!
You die...

#.....#
#.}...#.......#
#.....#...$...#
#.....#$......#
#.....#.......#
#.....#.......#
#.....#.......#
#.....#((.....#
#.....#@......#
#.....oCVo.....
#.....#o()....#
#.....#[......#
#.....#.......#
#.....#.......#
#.....#.......#
#.....#/......#
#.....#.......


You could see a stone giant, a vampire knight (fast, invisible), a friendly orc
knight (strong), the friendly Horkud the orc knight and the friendly Morbeogh
the orc knight (strong).

Vanquished Creatures
  Mennas (Vaults:3)
  A lich (Depths:2)
  A sphinx (Depths:2)
  A deep elf sorcerer (Vaults:3)
  3 frost giants
  A fire giant (Depths:1)
  A ghost moth (Spider:4)
  7 vault wardens
  4 emperor scorpions (Spider:4)
  6 very ugly things
  9 stone giants
  7 ironheart preservers
  3 entropy weavers
  A deep elf annihilator (Vaults:4)
  4 ettins
  3 merfolk javelineers (Shoals:4)
  A merfolk impaler (Shoals:4)
  12 ogre magi
  7 great orbs of eyes
  4 fire dragons
  8 yaktaur captains
  6 ice dragons
  7 vault guards
  2 merfolk avatars (Shoals:4)
  5 boulder beetles
  3 rakshasas
  3 hydras
  4 merfolk aquamancers
  48 two-headed ogres
  2 alligator snapping turtles
  A dancing weapon (Vaults:3)
  9 centaur warriors
  3 satyrs
  2 death knights
  A deep troll earth mage (Depths:1)
  A deep troll shaman (Depths:1)
  6 death yaks
  A vampire mage (Depths:2)
  A spriggan berserker (Depths:1)
  3 deep elf knights (Vaults:2)
  A fire crab (shapeshifter) (Vaults:3)
  A shadow wraith (Vaults:4)
  4 iron trolls (Depths:1)
  3 skeletal warriors
  7 deep trolls
  4 sea snakes
  3 unseen horrors
  4 wizards
  A flayed ghost (Vaults:4)
  2 deep elf archers (Vaults:4)
  3 glowing orange brains
  11 ironbrand convokers
  3 orc knights
  A wolf spider zombie (D:13)
  A lindwurm (Lair:6)
  10 harpies
  10 deep elf magi
  2 necromancers (Vaults:3)
  9 fauns
  10 wolf spiders
  A sphinx zombie (Vaults:3)
  7 orb spiders
  13 cyclopes
  An orc sorcerer (Vaults:3)
  2 moths of wrath
  2 centaur zombies
  6 black mambas
  24 ugly things
  10 manticores
  6 elephants (Lair:5)
  2 water nymphs (Shoals:2)
  7 merfolk sirens
  9 vault sentinels
  2 molten gargoyles (Lair:6)
  A guardian serpent (shapeshifter) (D:13)
  A black mamba (shapeshifter) (Vaults:4)
  Maggie (D:8)
  2 gargoyles (D:13)
  Joseph (D:9)
  8 cane toads
  A human zombie (Vaults:3)
  A kobold demonologist (D:12)
  4 freezing wraiths
  A tengu conjurer (D:13)
  A yaktaur (shapeshifter) (Vaults:4)
  12 komodo dragons
  30 yaktaurs
  7 demonic crawlers
  A merfolk (shapeshifter) (Vaults:4)
  5 meliai (D:13)
  16 jumping spiders
  A queen bee (D:13)
  8 trolls
  2 polar bears
  13 merfolk
  A harpy skeleton (D:15)
  3 wind drakes
  18 slime creatures
  3 hornets
  3 dream sheep (Shoals:3)
  3 blink frogs (Lair:5)
  2 human simulacra (Vaults:1)
  3 snapping turtles
  A frost giant simulacrum (Vaults:4)
  77 redbacks
  10 water elementals
  5 vampires
  A spriggan (shapeshifter) (D:10)
  4 wraiths
  40 yaks
  5 wyverns
  8 basilisks
  A human (D:13)
  15 tarantellas
  Eustachio (D:5)
  A steam dragon (Lair:4)
  A vampire mosquito (Spider:3)
  A warg (shapeshifter) (Vaults:4)
  A warg (Orc:2)
  4 hell hounds (Lair:6)
  A soldier ant (shapeshifter) (Vaults:2)
  A soldier ant (D:10)
  2 acid dragons
  13 water moccasins
  A black bear (shapeshifter) (D:10)
  A swamp drake (Lair:4)
  A hornet zombie (D:13)
  9 orc warriors
  5 sky beasts
  2 eyes of draining
  A necrophage (D:7)
  2 black bears
  12 ice beasts
  5 centaurs
  11 wolves
  23 ogres
  3 phantoms
  6 boggarts
  2 big kobolds
  A gnoll sergeant (D:10)
  28 bullfrogs
  A glowing shapeshifter simulacrum (Vaults:2)
  A human skeleton (Vaults:3)
  A wyvern zombie (D:13)
  8 scorpions
  33 killer bees
  An electric eel (Spider:1)
  10 wights
  A howler monkey (D:5)
  3 bullfrog zombies
  4 lava snakes (Lair:6)
  5 hounds
  2 jellies
  A quasit (D:8)
  2 orc priests
  2 bullfrog skeletons (D:5)
  An iron imp (Depths:1)
  4 iguanas
  11 orc wizards
  16 worker ants
  A killer bee zombie (D:8)
  A hound zombie (D:5)
  A howler monkey zombie (D:9)
  2 worker ant zombies
  16 adders
  2 shadow imps
  3 white imps
  An ufetubus (D:8)
  An ooze (D:4)
  2 adder skeletons
  6 worms
  2 dart slugs
  6 leopard geckos
  25 orcs
  7 giant cockroaches
  A goblin (D:2)
  7 hobgoblins
  9 jackals
  7 quokkas
  A ball python skeleton (D:3)
  6 bats
  4 frilled lizards
  A jackal zombie (D:3)
  17 kobolds
  A leopard gecko skeleton (D:5)
  2 leopard gecko zombies (D:3)
  A quokka skeleton (D:5)
  10 rats
  3 plants
1087 creatures vanquished.

Vanquished Creatures (collateral kills)
  The ghost of Viusuagh the Fencer, an adept MiSk of Cheibriados (Vaults:3)
  2 sphinxes
  A ghost moth (Spider:2)
  2 vault wardens
  Aizul (Shoals:1)
  2 emperor scorpions (Spider:4)
  2 ironheart preservers
  2 very ugly things (Vaults:4)
  3 stone giants
  4 entropy weavers
  A spark wasp (Spider:4)
  A deep elf death mage (Vaults:3)
  A fire dragon (Depths:1)
  A merfolk impaler (Shoals:2)
  A yaktaur captain (Vaults:3)
  8 slime creatures
  Erolcha (D:11)
  2 vault guards
  A great orb of eyes (D:15)
  5 boulder beetles
  3 hydras
  A catoblepas (Shoals:1)
  2 alligator snapping turtles
  A merfolk avatar (Shoals:3)
  2 centaur warriors
  17 two-headed ogres
  7 ogre magi
  2 deep troll shamans (Depths:1)
  2 merfolk aquamancers
  An orc high priest (Orc:2)
  A death yak (Lair:3)
  A deep troll earth mage (Depths:2)
  A deep elf knight (Vaults:4)
  A skeletal warrior (D:14)
  2 unseen horrors
  4 deep trolls
  A sea snake (Shoals:4)
  An iron troll (Depths:1)
  3 ironbrand convokers (Vaults:1)
  A wizard (D:10)
  3 deep elf archers
  2 orc knights
  7 orb spiders
  8 fauns
  9 ugly things
  6 deep elf magi
  3 harpies
  3 cyclopes
  An orb spider (shapeshifter) (Vaults:1)
  16 wolf spiders
  6 manticores
  A merfolk siren (Shoals:1)
  5 water nymphs
  3 black mambas (Lair:5)
  3 torpor snails
  4 vault sentinels
  A centaur zombie (D:15)
  A cane toad (shapeshifter) (D:15)
  2 cane toads (Lair:6)
  2 gargoyles (D:13)
  3 demonic crawlers
  A komodo dragon (Lair:2)
  11 yaktaurs
  4 merfolk (Shoals:2)
  A meliai (D:13)
  17 jumping spiders
  5 trolls (Orc:2)
  A hornet (Spider:1)
  A blink frog (Lair:5)
  4 snapping turtles
  29 redbacks
  4 water elementals
  A wraith (D:13)
  A wyvern (D:14)
  2 yaks
  A vampire (Vaults:3)
  A basilisk (shapeshifter) (Vaults:2)
  9 tarantellas
  A vampire mosquito (Spider:3)
  A basilisk (Lair:6)
  A steam dragon (Lair:6)
  A soldier ant (D:11)
  3 water moccasins
  4 orc warriors
  A phantom (D:14)
  An ettin simulacrum (Vaults:3)
  A wolf (Lair:2)
  14 ogres
  2 boggarts (Vaults:2)
  2 centaurs (D:14)
  3 bullfrogs
  2 killer bees (D:11)
  2 wights (D:12)
  A lava snake (Lair:6)
  A quasit (D:13)
  A hound (D:12)
  An orc priest (Orc:1)
  3 orc wizards
  An iguana (D:11)
  A worker ant (D:13)
  2 orcs
  2 plants
330 creatures vanquished.

Vanquished Creatures (others)
  A lich (Depths:2)
  An orc high priest (Depths:2)
  2 orc knights
  An orc sorcerer (Vaults:3)
  A vampire mage (Vaults:3)
  6 orc warriors
  A wolf spider (Spider:4)
  A water elemental (Shoals:3)
  An ogre (Vaults:4)
  11 orc priests
  11 orc wizards
  A worker ant (D:4)
  An adder (D:4)
  27 orcs
  A ball python (D:2)
  A giant cockroach (D:4)
  9 fungi
  194 plants
  3 withered plants
274 creatures vanquished.

Grand Total: 1691 creatures vanquished

Notes
Turn   | Place    | Note
-------+----------+-------------------------------------------
     0 | D:1      | Kinoniko the Hill Orc Gladiator began the quest for the
                  | Orb.
     0 | D:1      | Reached XP level 1. HP: 18/18 MP: 1/1
   116 | D:1      | Reached XP level 2. HP: 25/25 MP: 2/2
   271 | D:1      | Reached skill level 5 in Axes
   855 | D:2      | Found a white marble altar of Elyvilon.
   886 | D:2      | Reached XP level 3. HP: 30/30 MP: 3/3
  1559 | D:2      | Reached XP level 4. HP: 35/37 MP: 4/4
  2658 | D:4      | Became a worshipper of Beogh the Brigand
  2713 | D:4      | Reached XP level 5. HP: 34/42 MP: 5/5
  2915 | D:4      | Found Ycvi's Distillery.
  2993 | D:4      | Bought a potion of heal wounds for 50 gold pieces
  2993 | D:4      | Bought a potion of might for 40 gold pieces
  2993 | D:4      | Bought a potion of might for 40 gold pieces
  2993 | D:4      | Bought a potion of curing for 30 gold pieces
  2993 | D:4      | Bought a potion of curing for 30 gold pieces
  3021 | D:4      | Reached XP level 6. HP: 31/50 MP: 6/6
  3263 | D:4      | Found a staircase to the Ecumenical Temple.
  3705 | D:5      | Entered Level 5 of the Dungeon
  3817 | D:5      | Noticed an ice beast
  3823 | D:5      | Reached skill level 10 in Axes
  3823 | D:5      | Reached XP level 7. HP: 56/56 MP: 7/7
  3906 | D:5      | Found a runed translucent door.
  3907 | D:5      | Noticed hypergardens's ghost (amateur SpAM)
  3980 | D:5      | Noticed Eustachio
  3993 | D:5      | Killed Eustachio
  3993 | D:5      | Reached * piety under Beogh
  4413 | D:5      | Reached XP level 8. HP: 62/62 MP: 8/8
  5324 | D:6      | Noticed a troll
  5335 | D:6      | Killed a troll
  5335 | D:6      | Reached XP level 9. HP: 42/68 MP: 5/9
  5546 | D:6      | Reached ** piety under Beogh
  5585 | D:6      | Reached skill level 15 in Axes
  5941 | D:6      | Got a translucent crystal amulet
  5952 | D:6      | Identified the amulet "Ihueguo" {rPois Regen+ Int+3 Dex-2}
                  | (You found it on level 6 of the Dungeon)
  6108 | D:6      | Found an ancient bone altar of Kikubaaqudgha.
  6915 | D:7      | Reached skill level 3 in Fighting
  6918 | D:7      | Reached skill level 1 in Armour
  7282 | D:7      | Reached skill level 4 in Fighting
  7512 | D:8      | Noticed a two-headed ogre
  7517 | D:8      | Killed a two-headed ogre
  7517 | D:8      | Reached skill level 5 in Fighting
  7517 | D:8      | Reached XP level 10. HP: 82/82 MP: 10/10
  7597 | D:8      | Noticed Maggie
  7616 | D:8      | Killed Maggie
  7616 | D:8      | Reached skill level 6 in Fighting
  7718 | D:8      | Found Rinitef's Weapon Emporium.
  8256 | D:9      | Reached *** piety under Beogh
  8402 | D:9      | Found a staircase to the Lair.
  8402 | D:9      | Noticed a death yak
  8403 | D:9      | Noticed a death yak
  8415 | D:9      | Noticed a death yak
  8607 | D:9      | Killed a death yak
  8628 | D:9      | Killed a death yak
  8668 | D:9      | Reached XP level 11. HP: 60/90 MP: 11/11
  8876 | D:9      | Noticed Joseph
  8894 | D:9      | Killed Joseph
  8894 | D:9      | Reached skill level 7 in Fighting
  9046 | D:9      | Killed a death yak
  9055 | D:9      | Reached **** piety under Beogh
  9055 | D:9      | Reached skill level 8 in Fighting
  9296 | D:10     | Entered Level 10 of the Dungeon
  9324 | D:10     | Noticed a deep elf mage
  9328 | D:10     | Noticed a manticore
  9332 | D:10     | Killed a deep elf mage
  9332 | D:10     | Reached skill level 5 in Armour
  9336 | D:10     | Killed a manticore
  9492 | Lair:1   | Entered Level 1 of the Lair of Beasts
  9508 | Lair:1   | Reached skill level 9 in Fighting
  9508 | Lair:1   | Reached skill level 1 in Invocations
  9556 | Lair:1   | Reached skill level 5 in Dodging
 10037 | Lair:1   | Reached XP level 12. HP: 88/105 MP: 15/15
 10532 | Lair:2   | Reached skill level 10 in Fighting
 10532 | Lair:2   | Reached skill level 5 in Invocations
 10840 | Lair:2   | Found a hole to the Spider Nest.
 10860 | Lair:2   | Gained mutation: Your magical capacity is low. (-10% MP)
                  | [potion of mutation]
 10860 | Lair:2   | Gained mutation: You expend magic power (3 MP) to
                  | strengthen your wands. [potion of mutation]
 11736 | Lair:3   | Reached skill level 11 in Fighting
 11784 | Lair:3   | Found a staircase to the Shoals.
 12182 | Lair:3   | Noticed a death yak
 12182 | Lair:3   | Noticed a death yak
 12182 | Lair:3   | Noticed a death yak
 12182 | Lair:3   | Noticed a death yak
 12190 | Lair:3   | Killed a death yak
 12191 | Lair:3   | Killed a death yak
 12197 | Lair:3   | Killed a death yak
 12203 | Lair:3   | Killed a death yak
 12463 | Lair:4   | Noticed a boulder beetle
 12471 | Lair:4   | Killed a boulder beetle
 12655 | Lair:4   | Noticed an eight-headed hydra
 12661 | Lair:4   | Killed a six-headed hydra
 12661 | Lair:4   | Reached ***** piety under Beogh
 12883 | Lair:4   | Reached XP level 13. HP: 104/115 MP: 17/17
 13319 | Lair:4   | Found a basalt altar of Yredelemnul.
 13321 | Lair:4   | Got a jewelled ring mail
 13322 | Lair:4   | Identified the +4 ring mail of the Known World {+Inv} (You
                  | found it on level 4 of the Lair of Beasts)
 13824 | Lair:5   | Reached skill level 12 in Fighting
 14282 | Lair:5   | Found a viscous altar of Jiyva.
 14282 | Lair:5   | Found a staircase to the Slime Pits.
 14582 | Lair:6   | Entered Level 6 of the Lair of Beasts
 14964 | Lair:6   | Gained Gorm as an ally
 15135 | Lair:6   | Identified the Guide on Confrontation
 15302 | Lair:6   | Got a transparent battleaxe
 15303 | Lair:6   | Identified the +6 battleaxe of Starshine {vamp, rF++ rC+
                  | Int-2} (You found it on level 6 of the Lair of Beasts)
 15718 | Lair:6   | Noticed a fire dragon
 15721 | Lair:6   | Found a large runed translucent door.
 15842 | Lair:6   | Found a large runed translucent door.
 16081 | Lair:6   | Killed a fire dragon
 16081 | Lair:6   | Reached skill level 13 in Fighting
 16810 | D:10     | Found the +8 whip "Snakebite" {curare, rPois}
 16815 | D:10     | Got a bound lapis lazuli ring
 16817 | D:10     | Identified the ring of Padwugod {+Fly Dex+3 Slay-3 Stlth-}
                  | (You found it on level 10 of the Dungeon)
 16837 | D:10     | Reached XP level 14. HP: 128/128 MP: 19/19
 17361 | D:11     | Reached skill level 10 in Invocations
 17771 | D:11     | Reached ****** piety under Beogh
 17854 | D:11     | Noticed Erolcha
 17859 | D:11     | Killed Erolcha
 18338 | D:12     | Found a flickering gateway to a bazaar.
 18345 | Bazaar   | Entered a bazaar
 18349 | Bazaar   | Found Liyqan's Antique Weapon Emporium.
 18360 | Bazaar   | Found Felon's General Store.
 18368 | Bazaar   | Found Effukhlu's Antique Armour Boutique.
 18379 | Bazaar   | Found Atethr Oxoli's Distillery.
 18390 | Bazaar   | Found Wept's Gadget Shop.
 18424 | Bazaar   | Bought the cursed +3 broad axe "Rarox" {drain, Str+5 Dex-4
                  | SInv Stlth+} for 529 gold pieces
 18443 | Bazaar   | Bought 2 potions of curing for 66 gold pieces
 18443 | Bazaar   | Bought a potion of heal wounds for 55 gold pieces
 18443 | Bazaar   | Bought a potion of invisibility for 88 gold pieces
 18443 | Bazaar   | Bought a potion of stabbing for 44 gold pieces
 18443 | Bazaar   | Bought a potion of might for 44 gold pieces
 18443 | Bazaar   | Bought a potion of heal wounds for 55 gold pieces
 18443 | Bazaar   | Bought a potion of curing for 33 gold pieces
 18454 | Bazaar   | Bought a wand of digging (3) for 154 gold pieces
 18557 | D:12     | Identified a scroll of acquirement
 18557 | D:12     | Acquired a +0 executioner's axe of pain
 18768 | D:12     | Found a staircase to the Orcish Mines.
 18833 | D:12     | Found a roughly hewn altar of Beogh.
 19471 | D:13     | Gained Marbork as an ally
 20277 | D:13     | Got a pair of heavily runed gloves
 20278 | D:13     | Identified the +1 pair of gloves "Tammuur" {Int+4 Dex+2}
                  | (You found it on level 13 of the Dungeon)
 20574 | D:13     | Reached skill level 10 in Armour
 21004 | D:13     | Reached skill level 14 in Fighting
 21191 | D:13     | Found a gate to the Vaults.
 21202 | D:13     | Reached XP level 15. HP: 137/137 MP: 21/21
 23202 | Orc:1    | Entered Level 1 of the Orcish Mines
 23608 | Orc:1    | Gained Herok as an ally
 24246 | Orc:2    | Entered Level 2 of the Orcish Mines
 24246 | Orc:2    | Found a staircase to the Elven Halls.
 24274 | Orc:2    | Found Etoraa's Armour Shoppe.
 24280 | Orc:2    | Found Juint's General Store.
 24281 | Orc:2    | Your ally Herok died
 24282 | Orc:2    | Reached skill level 15 in Fighting
 24296 | Orc:2    | Gained Ugbert as an ally
 24312 | Orc:2    | Found Mice's Armour Shop.
 24850 | Orc:2    | Found Nuddafe's Antique Weapon Shoppe.
 25224 | Orc:2    | Bought the cursed +0 cloak "Ciceh" {rC- MR++} for 168 gold
                  | pieces
 25767 | D:15     | Entered Level 15 of the Dungeon
 26400 | D:15     | Reached XP level 16. HP: 58/149 MP: 20/22
 27033 | D:15     | Found a staircase to the Depths.
 27584 | Spider:1 | Entered Level 1 of the Spider Nest
 27720 | Spider:1 | Got a dazzling rapier
 27732 | Spider:1 | Identified the +6 rapier "Soewud" {vorpal, rF+} (You found
                  | it on level 1 of the Spider Nest)
 27760 | Spider:1 | Reached skill level 16 in Fighting
 29906 | Shoals:1 | Entered Level 1 of the Shoals
 30695 | Shoals:1 | Noticed Aizul
 30707 | Shoals:1 | Killed Aizul
 30719 | Shoals:1 | Got a jewelled leather armour
 30783 | Shoals:1 | Identified the +2 leather armour "Muptulo" {rC- Dex+9} (You
                  | found it on level 1 of the Shoals)
 32187 | Shoals:2 | Gained Bogdar as an ally
 32315 | Shoals:2 | Found a transporter.
 33022 | Shoals:2 | Found a transporter.
 33203 | Shoals:2 | Got a coiled emerald amulet
 33204 | Shoals:2 | Identified the amulet of the Madman {Faith Str+2 Dex+4}
                  | (You found it on level 2 of the Shoals)
 34638 | Spider:3 | Reached skill level 17 in Fighting
 34731 | Spider:3 | Reached XP level 17. HP: 148/161 MP: 24/24
 34915 | Spider:3 | Reached skill level 10 in Dodging
 36021 | Shoals:3 | Identified the Papyrus of Lethal Companions
 36279 | Shoals:3 | Your ally Ugbert died
 38730 | Shoals:4 | Entered Level 4 of the Shoals
 38734 | Shoals:4 | Reached skill level 15 in Invocations
 39005 | Shoals:4 | Got a crystal great mace
 39107 | Shoals:4 | Identified the cursed +1 great mace "Sytueby" {freeze,
                  | Int+3} (You found it on level 4 of the Shoals)
 39135 | Shoals:4 | Identified the +8 chain mail of Grace {rF+ Slay+6}
 39163 | Shoals:4 | Gained Arkwar as an ally
 39366 | Shoals:4 | Got a barnacled rune of Zot
 40748 | Spider:4 | Entered Level 4 of the Spider Nest
 40776 | Spider:4 | Gained Jorge as an ally
 40918 | Spider:4 | Reached skill level 18 in Fighting
 41487 | Spider:4 | Reached XP level 18. HP: 162/172 MP: 27/27
 41714 | Spider:4 | Got a gossamer rune of Zot
 43313 | Vaults:1 | Entered Level 1 of the Vaults
 43759 | Vaults:1 | Reached skill level 19 in Fighting
 44248 | Vaults:1 | Found Harat's General Store.
 44978 | Vaults:1 | Bought the +6 leather armour "Odaut" {rCorr Int-5 Slay+2}
                  | for 722 gold pieces
 48445 | Vaults:2 | Reached XP level 19. HP: 183/183 MP: 28/28
 48475 | Vaults:2 | Gained Dorog as an ally
 50650 | Vaults:3 | Gained Bogbrand as an ally
 50923 | Vaults:3 | Found Rohech's Assorted Antiques.
 50935 | Vaults:3 | Bought a scroll labeled GEUTERR WEALI for 31 gold pieces
 50935 | Vaults:3 | Bought a scroll of identify for 62 gold pieces
 50935 | Vaults:3 | Bought a potion of haste for 310 gold pieces
 50935 | Vaults:3 | Bought a scroll of identify for 62 gold pieces
 51110 | Vaults:3 | Reached skill level 20 in Fighting
 51749 | Vaults:3 | Identified the +7 tower shield of Teiwi {rElec Regen+
                  | Dex+2}
 51749 | Vaults:3 | Noticed Mennas
 51783 | Vaults:3 | Your ally Bogbrand died
 51798 | Vaults:3 | Killed Mennas
 52738 | Vaults:3 | Reached XP level 20. HP: 195/195 MP: 30/30
 54688 | Vaults:3 | Found a staircase to the Crypt.
 54907 | Vaults:3 | Found a runed translucent door.
 54907 | Vaults:3 | Found a shimmering altar of Xom.
 54907 | Vaults:3 | Noticed Viusuagh's ghost (adept MiSk)
 54928 | Vaults:3 | Killed Viusuagh's ghost
 54931 | Vaults:3 | Got a transparent shortbow
 56099 | Vaults:4 | Acquired the +1 cloak of Starlight {rElec rC+ EV+4 Stlth--}
 56100 | Vaults:4 | Found the +1 cloak of Starlight {rElec rC+ EV+4 Stlth--}
 56163 | Vaults:4 | Reached skill level 21 in Fighting
 56190 | Vaults:4 | Gained Horkud as an ally
 56833 | Vaults:4 | Reached skill level 15 in Armour
 57187 | Vaults:4 | Gained Morbeogh as an ally
 57417 | Vaults:4 | Found Sysaem's Book Shop.
 57419 | Vaults:4 | Found Vostremu's Magic Scroll Boutique.
 57424 | Vaults:4 | Bought a manual of Armour for 1766 gold pieces
 57617 | Vaults:4 | Found Pasmy's Armour Emporium.
 57867 | Vaults:4 | Found Qebras's Armour Emporium.
 59426 | Depths:1 | Entered Level 1 of the Depths
 60165 | Depths:1 | Found a portal to a secret trove of treasure.
 60276 | Depths:1 | Reached XP level 21. HP: 184/205 MP: 31/31
 60474 | Depths:1 | Got a pair of ancient gloves
 60490 | Depths:1 | Identified the +2 pair of gloves of the Ward {Harm rElec
                  | Str+5 Dex-4} (You found it on level 1 of the Depths)
 61667 | Depths:1 | Found a gateway to Hell.
 63073 | Depths:2 | Reached skill level 22 in Fighting
 63077 | Depths:2 | Your ally Dorog died
 63083 | Depths:2 | HP: 3/207 [vampire knight/+0 war axe (10)]
 63084 | Depths:2 | Slain by a vampire knight

Illustrated notes

Levels and vault maps discovered:
D:1:      dpeg_arrival_oval, layout_basic
D:2:      layout_loops_ring, elyvilon_altar_4
D:3:      layout_basic, serial_undead, serial_undead_e, serial_undead_a,
          serial_undead_b, serial_undead_c, serial_undead_f, serial_undead_d,
          serial_undead_b, corexii_leaking_fountain
D:4:      layout_loops_ring, minmay_temple_entry_enclosed_plants, serial_shops,
          shop, grunt_ministairs_7
D:5:      minmay_polygon_palace, layout_basic, ebering_ghost_reflecting_pool,
          due_unseen_surprise, uniq_eustachio
D:6:      layout_basic, kennysheep_little_box
D:7:      layout_loops_corners
D:8:      layout_basic, serial_shops, shop, uniq_maggie
D:9:      layout_roguey, dpeg_lair_monsters, uniq_joseph
D:10:     minmay_the_grid_square_5x5_3x3
          [minmay_the_grid_square_5x5_eight_small,
          minmay_the_grid_square_5x5_n_small, minmay_the_grid_square_5x5_plus,
          minmay_the_grid_square_5x5_two_small,
          minmay_the_grid_square_5x5_megaprize_checkered,
          minmay_the_grid_square_5x5_checkered,
          minmay_the_grid_square_5x5_bracketed,
          minmay_the_grid_square_5x5_almost_minimal,
          minmay_the_grid_square_5x5_six], layout_basic
D:11:     layout_long_grid, statue_in_the_mist_lemuel, minivault_20,
          uniq_erolcha
D:12:     minmay_inner_zag, layout_irregular_city,
          minmay_orc_entry_temple_small, serial_shops, bzr_entry_islet
D:13:     layout_long_grid, grunt_vaults_entry_fortified, special_room
          [special_room_bee], minmay_alternating_orb
D:14:     layout_cave_pools
D:15:     grunt_enter_depths_hoard, layout_rooms
Lair:1:   layout_cave_pods, lemuel_fruit_tree
Lair:2:   layout_cave_pods, nicolae_spider_entry_non_spiders,
          serial_bayou_shore_b
Lair:3:   layout_roguey, minmay_shoals_entry_lonely_mermaid,
          serial_bayou_shore_b
Lair:4:   layout_long_grid, basic_altar, pond
Lair:5:   layout_misc_corridors, dpeg_slime_entry_enclosed_altar
Lair:6:   cheibrodos_lair_end_hotspot, layout_misc_corridors, st_stairs_4
Shoals:1: cheibrodos_shoals_roost, layout_shoals, argonaut_gorgonesque,
          uniq_aizul
Shoals:2: gammafunk_its_a_trap, layout_shoals, st_shoals_ruin
Shoals:3: layout_shoals
Shoals:4: shoals_end_grunt_garden, layout_shoals
Spider:1: layout_spider_delve
Spider:2: layout_spider_delve, nicolae_spider_circle_web
Spider:3: layout_spider_delve, special_room, einodemon_crawler_minivault
Spider:4: grunt_spider_rune_circles
Orc:1:    layout_caves
Orc:2:    st_orc_open, layout_caves, special_room
Vaults:1: hangedman_vaults_capsules, vaults_room_stairs_pillars,
          nicolae_vaults_quartermaster, hangedman_vaults_corner,
          v_alt_pattern_6, vaults_room_semicircle, vaults_room_grid,
          vaults_room_boxed, v_misc_9, v_rooms_3, v_alt_pattern_4,
          vaults_room_door_ring, vaults_dpeg_cross, serial_ice_g,
          layout_vaults_omnibox, serial_shops, nicolae_shop_waterfront
Vaults:2: v_pattern_5, serial_ice_b, hangedman_vaults_variations,
          nicolae_vaults_diagonal_hallway_8, vaults_dpeg_diagonal,
          nicolae_vaults_network_periphery, v_misc_13,
          nicolae_vaults_what_the_h, vaults_room_glass_cross,
          layout_vaults_chaotic_city
Vaults:3: ebering_vaults_ghost_xom, grunt_vaults_swirl, nicolae_vaults_big_ls,
          vaults_dpeg_spiral, minmay_crypt_entry_vampire_xt, st_cells,
          nicolae_vaults_little_squares_1, vaults_room_pools,
          vaults_room_stairs_pillars, nicolae_vaults_puzzle_piece,
          vaults_dpeg_hooks, nicolae_vaults_rhombus_5, layout_vaults_quadrants,
          serial_shops, nicolae_shop_statue_plus, uniq_mennas, uniq_margery
Vaults:4: dpeg_vaults_monster_box, ontoclasm_vaults_spin,
          hangedman_vaults_stream, v_misc_30, serial_ice_g,
          nicolae_vaults_three_branches, hangedman_vaults_restitches,
          hangedman_vaults_stretched_pinwheel, vaults_dpeg_encased_lava,
          layout_vaults_big_cross, serial_shops, nicolae_shop_trees,
          nicolae_shop_trees, nicolae_shop_window_shopping,
          nicolae_shop_statue_plus
Depths:1: layout_roguey, enter_trove_0, grunt_hell_entry_dis_old,
          minmay_misc_feat_pillars, minmay_misc_feat_diagonals,
          kennysheep_flooded_box, kennysheep_small_circle, serial_bayou_shore_b
Depths:2: box_level_dp, hell_entry, uniq_sojobo

Skill      XL: |  1  2  3  4  5  6  7  8  9 10 11 12 13 14 15 16 17 18 19 20 21 |
---------------+----------------------------------------------------------------+-----
Axes           | 5 6 7 8 10 11 14 16 17 18 19 20 21 | 21.7
Fighting       | 5 6 9 11 13 14 15 17 18 19 20 21 22 | 22.0
Armour         | 3 6 7 9 10 11 12 13 14 15 16 | 16.0
Dodging        | 3 5 6 7 8 9 10 11 12 | 12.6
Invocations    | 4 8 9 11 12 14 16 17 19 20 21 | 21.1
Throwing       | |  1.7

Action                   |  1- 3 |  4- 6 |  7- 9 | 10-12 | 13-15 | 16-18 | 19-21 || total
-------------------------+-------+-------+-------+-------+-------+-------+-------++-------
Melee: War axe           |   113 |   121 |   287 |    15 |       |       |       ||   536
       Broad axe         |       |       |       |   420 |   164 |       |       ||   584
       Bardiche          |       |       |       |     5 |     5 |       |       ||    10
       Battleaxe         |       |       |       |       |   575 |  1044 |   832 ||  2451
Invok: Convert to Beogh  |       |     1 |       |       |       |       |       ||     1
       Recall Orcish Fol |       |       |       |     1 |     6 |    19 |     6 ||    32
       Give Item to Name |       |       |       |       |     4 |     3 |     4 ||    11
       Stop Recall       |       |       |       |       |     2 |    16 |     4 ||    22
       Smiting           |       |       |       |       |     1 |    17 |       ||    18
Evoke: Wand              |       |       |       |       |       |       |     1 ||     1
  Use: Scroll            |     4 |     8 |     4 |     6 |    19 |    15 |     7 ||    63
       Potion            |       |       |     4 |     9 |     3 |     9 |     5 ||    30
 Stab: Distracted        |       |       |       |     2 |     5 |     7 |    13 ||    27
       Invisible         |       |       |       |       |     2 |       |       ||     2
Armor: Leather armour    |    35 |       |       |       |       |       |       ||    35
       Scale mail        |    18 |    58 |    44 |       |       |       |       ||   120
       Plate armour      |       |       |    45 |   184 |   377 |   464 |       ||  1070
       Chain mail        |       |       |       |       |       |   268 |   411 ||   679
Dodge: Dodged            |    89 |    67 |   183 |   160 |   416 |   605 |   434 ||  1954

Table legend: (Time is in decaauts)
 A = Elapsed time spent in this place.
 B = Non-inter-level travel time spent in this place.
 C = Inter-level travel time spent in this place.
 D = Time resting spent in this place.
 E = Time spent auto-exploring this place.
 F = Levels seen in this place.
 G = Mean time per level.
                   A        B        C        D        E       F      G
               +--------+--------+--------+--------+--------+-----+--------+
         Total |  62254 |  56742 |   5512 |  27973 |  17162 |  38 | 1638.3 |
       Dungeon |  19425 |  17648 |   1777 |   6189 |   8982 |  15 | 1295.0 |
          Lair |   7359 |   6305 |   1054 |   1924 |   3656 |   6 | 1226.5 |
        Shoals |   8605 |   7786 |    819 |   4756 |   1094 |   4 | 2151.2 |
   Spider Nest |   5757 |   5370 |    387 |   2874 |   1048 |   4 | 1439.2 |
  Orcish Mines |   2126 |   2030 |     96 |   1319 |    547 |   2 | 1063.0 |
        Vaults |  15501 |  14168 |   1333 |   8692 |   1547 |   4 | 3875.2 |
        Depths |   3357 |   3314 |     43 |   2218 |    284 |   2 | 1678.5 |
        Bazaar |    120 |    120 |      0 |      0 |      4 |   1 |  120.0 |
               +--------+--------+--------+--------+--------+-----+--------+

Top non-repeatable levels by time:
Vaults:3: 5160 daAuts
Vaults:1: 4141 daAuts
Vaults:2: 3340 daAuts
Depths:1: 2940 daAuts
Vaults:4: 2858 daAuts
    D:13: 2667 daAuts
Shoals:2: 2641 daAuts
Shoals:1: 2478 daAuts
Spider:4: 2263 daAuts
Shoals:3: 2066 daAuts
    D:15: 1788 daAuts
    D:14: 1683 daAuts
  Lair:6: 1543 daAuts
  Lair:2: 1513 daAuts
    D:12: 1475 daAuts
